 Dungeon Crawl Stone Soup version 0.26-a0-712-ga5a9c9c9d0 (webtiles) character file.

Game seed: 11487182189293960052

24346 Azzok the Severer (level 12, -1/80 (81) HPs)
             Began as a Demonspawn Berserker on Nov 5, 2020.
             Was a High Priest of Trog.
             Succumbed to a green ugly thing's poison
             ... on level 13 of the Dungeon.
             The game lasted 00:19:39 (14859 turns).

Azzok the Severer (Demonspawn Berserker)           Turns: 14859, Time: 00:19:39

HP:   -1/80 (81)    AC: 24    Str: 27    XL:     12   Next: 79%
MP:   1/12          EV:  7    Int: 10    God:    Trog [*****.]
Gold: 347           SH:  0    Dex: 13    Spells: 11/11 levels left

rFire    . . .     SeeInvis .   C - +2 battleaxe (freeze)
rCold    . . .     Faith    +   (shield currently unavailable)
rNeg     + . .     Spirit   +   G - +3 plate armour {rN+}
rPois    .         Reflect  .   A - +1 hat
rElec    .         Harm     .   a - +0 cloak
rCorr    .         Rampage  .   o - +0 pair of gloves
MR       .....                  e - +0 pair of boots
Stlth    ..........             i - amulet of faith
HPRegen  0.23/turn              y - +4 ring of slaying
MPRegen  0.13/turn              x - +6 ring of strength

@: lethally poisoned (-1 -> -12), marked, sanguine armour, berserk cooldown,
slowed, very slow
A: antennae 2, magic shield, sanguine armour 1
a: Berserk, Trog's Hand, Brothers in Arms, Renounce Religion


You were on level 13 of the Dungeon.
You worshipped Trog.
Trog was extremely pleased with you.
You visited 1 branch of the dungeon, and saw 13 of its levels.

You collected 749 gold pieces.
You spent 402 gold pieces at shops.

Inventory:

Hand Weapons
 C - a +2 battleaxe of freezing (weapon)
 D - a +2 whip of freezing
 I - a +2 antimagic executioner's axe
Armour
 a - a +0 cloak (worn)
 e - a +0 pair of boots (worn)
 o - a +0 pair of gloves (worn)
 p - a +0 tower shield of cold resistance
 A - a +1 hat (worn)
 G - a +3 plate armour of positive energy (worn)
Jewellery
 i - an amulet of faith (around neck)
 s - an uncursed ring of positive energy
 v - an uncursed ring of poison resistance
 w - the amulet of Due Proportion {Spirit rElec}
   (You found it on level 7 of the Dungeon)

   [amulet of guardian spirit]

   It causes incoming damage to be split between your health and magic.
   It insulates you from electricity.
 x - a +6 ring of strength (right hand)
 y - a +4 ring of slaying (left hand)
Wands
 l - a wand of flame (28)
Scrolls
 b - 4 scrolls of fog
 d - 8 scrolls of teleportation
 f - 4 scrolls of enchant weapon
 g - 2 scrolls of enchant armour {unknown}
 h - 5 scrolls of remove curse
 r - 3 scrolls of immolation {unknown}
 B - a scroll of fear
 J - 3 scrolls of identify
 K - 3 scrolls of vulnerability {unknown}
 M - a scroll of magic mapping {unknown}
Potions
 c - 2 potions of might
 j - 2 potions of haste
 k - 6 potions of curing
 m - 2 potions of lignification {unknown}
 n - 2 potions of magic
 q - 2 potions of heal wounds
 t - 5 potions of stabbing
 u - a potion of ambrosia {unknown}
 z - 2 potions of flight
 E - a potion of cancellation
 F - a potion of mutation {unknown}
 H - 2 potions of resistance
 L - a potion of brilliance {unknown}


   Skills:
 - Level 3.0 Fighting
 + Level 18.6 Axes
 - Level 1.7 Armour
 - Level 1.7 Dodging


You had 11 spell levels left.
You didn't know any spells.
Your spell library was empty.

Dungeon Overview and Level Annotations

Branches:
Dungeon (13/15)            Temple (0/1) D:4            Lair (0/6) D:9
    Orc (0/2) D:11
 Vaults: D:13-14

Altars:
Okawaru
Ru
Sif Muna
Vehumet

Shops:
D:4 =   D:9 :*??*

Annotations:
D:13 Louise


Innate Abilities, Weirdness & Mutations

You have a pair of antennae on your head.
When hurt, damage is shared between your health and your magic reserves.
When seriously injured, your bleeding wounds create armour. (AC +6)


Message History

You feel a strong urge to attack something.
A kobold and a troll come into view.
The kobold is wielding a +0 dagger of electrocution.
* * * LOW HITPOINT WARNING * * *
You feel sick.
A howler monkey comes into view.
The hound bites you but does no damage. The kobold hits you but does no damage.
An ogre comes into view. It is wielding a +0 giant club.
* * * LOW HITPOINT WARNING * * *
You feel sick.
A centaur comes into view.
The hound bites you but does no damage.
You feel your anger nearly subside.
You are no longer berserk.
You are exhausted.
You feel as though you will be slow longer.
* * * LOW HITPOINT WARNING * * *
You feel sick.
A howler monkey comes into view.
The howler monkey hoots and howls with incredible vigour!
You die...

▒·))(((··(···········
▒·▒▒▒▒·▒▒▒▒▒▒······▒ ▒·
▒▒▒·▒▒▒▒▒▒·▒▒▒·▒▒▒▒ ▒·
▒···▒▒·········<··· ▒·
▒·▒·▒▒·▒····▒··▒▒▒▒
▒·▒▒······▒·▒▒▒▒·····
··>··········(·······▒▒
▒▒▒▒▒▒·▒▒▒▒▒·▒▒▒▒··▒·▒
▒··@·······▒·▒··▒·▒
▒·▒▒·▒▒°▒··:·▒··▒·▒
▒···KhB°·†·▒·▒··▒ ▒
▒▒▒▒h··)·@p▒·▒
▒··▒▒▒▒·▒ ▒ ▒K·· ▒{▒
▒▒TO·{{{· ▒··· {·▒▒
·h······


You could see a boulder beetle, a troll, an ogre, a howler monkey (catching
breath), a hound and 2 kobolds.

Vanquished Creatures
  A frost giant (D:9)
  Harold (D:8)
  3 centaur warriors
  4 two-headed ogres
  Urug (D:13)
  A deep elf knight (D:9)
  A hell knight (D:13)
  An unseen horror (D:10)
  An orc knight (D:11)
  Pikel (D:8)
  3 ugly things
  2 manticores (D:12)
  A cyclops (D:12)
  Joseph (D:9)
  2 gargoyles
  Maggie (D:8)
  3 trolls
  A wraith (D:13)
  13 yaks
  A steam dragon (D:9)
  3 water moccasins
  2 ice beasts
  11 orc warriors
  2 black bears
  4 sky beasts
  2 eyes of draining (D:10)
  2 phantoms
  A necrophage (D:13)
  7 ogres
  13 centaurs
  4 big kobolds
  2 gnoll sergeants (D:11)
  8 bullfrogs
  Blork the orc (D:4)
  3 scorpions
  A wyvern skeleton (D:11)
  4 wights (D:8)
  3 howler monkeys
  3 bullfrog zombies
  A centaur zombie (D:11)
  10 hounds
  8 jellies
  A quasit (D:6)
  5 centaur skeletons
  10 orc priests
  15 orc wizards
  4 iguanas
  Natasha (thrice) (D:4)
  13 worker ants
  2 hound skeletons
  A hound zombie (D:5)
  A mummy (D:4)
  Robin (D:4)
  5 gnolls
  11 adders
  2 shadow imps
  A white imp (D:6)
  An ufetubus (D:6)
  An ooze (D:5)
  2 adder zombies
  An adder skeleton (D:6)
  4 worms
  2 dart slugs
  7 leopard geckos
  60 orcs
  4 giant cockroaches
  15 goblins
  6 hobgoblins
  14 jackals
  2 quokkas
  4 bats
  8 frilled lizards
  A jackal skeleton (D:7)
  20 kobolds
  A leopard gecko zombie (D:9)
  A quokka skeleton (D:5)
  3 rats
370 creatures vanquished.

Vanquished Creatures (others)
  A wight (D:9)
  12 plants (D:9)
13 creatures vanquished.

Grand Total: 383 creatures vanquished

Notes
Turn   | Place    | Note
-------+----------+-------------------------------------------
     0 | D:1      | Azzok the Demonspawn Berserker began the quest for the Orb.
     0 | D:1      | Reached XP level 1. HP: 18/18 MP: 1/1
   209 | D:1      | Reached skill level 3 in Axes
   476 | D:1      | Gained mutation: When hurt, damage is shared between your
                  | health and your magic reserves. [demonic ancestry]
   476 | D:1      | Reached XP level 2. HP: 22/24 MP: 2/2
  1354 | D:2      | Gained mutation: You have a pair of small antennae on your
                  | head. [demonic ancestry]
  1354 | D:2      | Reached XP level 3. HP: 29/29 MP: 3/3
  1363 | D:2      | Reached ** piety under Trog
  1445 | D:2      | Reached skill level 4 in Axes
  1780 | D:2      | Gained mutation: When seriously injured, your bleeding
                  | wounds create armour. (AC +6) [demonic ancestry]
  1780 | D:2      | Reached XP level 4. HP: 21/35 MP: 1/4
  2991 | D:3      | Noticed an orc warrior
  3001 | D:3      | Killed an orc warrior
  3001 | D:3      | Reached skill level 5 in Axes
  3001 | D:3      | Reached XP level 5. HP: 16/41 MP: 1/5
  3269 | D:3      | You fall into a shaft and drop 1 floor!
  3289 | D:4      | Found a staircase to the Ecumenical Temple.
  3292 | D:4      | Noticed Robin
  3295 | D:4      | Reached skill level 6 in Axes
  3302 | D:4      | Noticed Blork the orc
  3307 | D:4      | Killed Robin
  3307 | D:4      | Reached *** piety under Trog
  3310 | D:4      | Killed Blork the orc
  3310 | D:4      | Reached XP level 6. HP: 31/47 MP: 6/6
  3923 | D:4      | Reached skill level 7 in Axes
  3995 | D:4      | Noticed Natasha
  4007 | D:4      | Killed Natasha
  4318 | D:4      | Reached XP level 7. HP: 45/52 MP: 4/7
  4513 | D:4      | Noticed Natasha
  4525 | D:4      | Killed Natasha
  4593 | D:4      | Found Cymue's Jewellery Shoppe.
  4666 | D:4      | Bought a cursed ring of teleportation for 58 gold pieces
  4667 | D:4      | Bought a cursed -4 ring of dexterity for 26 gold pieces
  4702 | D:4      | Noticed Natasha
  4707 | D:4      | Killed Natasha
  4707 | D:4      | Reached skill level 8 in Axes
  4731 | D:4      | Found a shimmering blue altar of Sif Muna.
  4761 | D:5      | Entered Level 5 of the Dungeon
  4871 | D:5      | Found an iron altar of Okawaru.
  5573 | D:5      | Found a sacrificial altar of Ru.
  5616 | D:6      | Reached skill level 9 in Axes
  5616 | D:6      | Reached XP level 8. HP: 58/58 MP: 8/8
  5868 | D:6      | Reached **** piety under Trog
  5957 | D:6      | Reached skill level 10 in Axes
  6891 | D:7      | Got a sparkling bronze amulet
  6892 | D:7      | Identified the amulet of Due Proportion {Spirit rElec} (You
                  | found it on level 7 of the Dungeon)
  7362 | D:7      | Found a radiant altar of Vehumet.
  7399 | D:8      | Noticed a two-headed ogre
  7407 | D:8      | Killed a two-headed ogre
  7407 | D:8      | Reached skill level 11 in Axes
  7407 | D:8      | Reached XP level 9. HP: 45/63 MP: 4/9
  7659 | D:8      | Noticed Maggie
  7678 | D:8      | Killed Maggie
  7678 | D:8      | Reached skill level 12 in Axes
  8055 | D:8      | Noticed Pikel
  8064 | D:8      | Killed Pikel
  8120 | D:8      | Noticed Harold
  8146 | D:8      | Killed Harold
  8146 | D:8      | Reached skill level 13 in Axes
  8146 | D:8      | Gained mutation: You have a pair of antennae on your head.
                  | [demonic ancestry]
  8146 | D:8      | Reached XP level 10. HP: 60/70 MP: 7/10
  8532 | D:9      | Found Qiesom Xotown's Magic Scroll Shoppe.
  8532 | D:9      | Noticed Joseph
  8546 | D:9      | Killed Joseph
  8555 | D:9      | Reached ***** piety under Trog
  8854 | D:9      | Reached skill level 14 in Axes
  9049 | D:9      | Bought a scroll of identify for 34 gold pieces
  9049 | D:9      | Bought a scroll of identify for 34 gold pieces
  9049 | D:9      | Bought a scroll of identify for 34 gold pieces
  9049 | D:9      | Bought a scroll of identify for 34 gold pieces
  9049 | D:9      | Bought a scroll of teleportation for 51 gold pieces
  9049 | D:9      | Bought a scroll of fog for 34 gold pieces
  9058 | D:9      | Found Zammoaff's Magic Scroll Emporium.
  9059 | D:9      | Found Hipnoch's General Store.
  9083 | D:9      | Bought a scroll of identify for 30 gold pieces
  9083 | D:9      | Bought a scroll of random uselessness for 15 gold pieces
  9083 | D:9      | Bought a scroll of amnesia for 52 gold pieces
  9088 | D:9      | Identified a scroll of acquirement
  9091 | D:9      | Acquired an uncursed amulet of faith
  9112 | D:9      | Found Koynier's Book Emporium.
  9177 | D:9      | Noticed a two-headed ogre
  9186 | D:9      | Killed a two-headed ogre
  9254 | D:9      | Noticed a frost giant
  9255 | D:9      | Noticed a deep elf knight
  9265 | D:9      | Killed a frost giant
  9265 | D:9      | Reached skill level 15 in Axes
  9265 | D:9      | Reached XP level 11. HP: 75/75 MP: 8/11
  9278 | D:9      | Killed a deep elf knight
  9497 | D:9      | Noticed a two-headed ogre
  9506 | D:9      | Killed a two-headed ogre
  9737 | D:9      | Found Yppilaonk's General Store.
  9917 | D:9      | Found a staircase to the Lair.
 10162 | D:10     | Entered Level 10 of the Dungeon
 10278 | D:10     | Noticed a two-headed ogre
 10292 | D:10     | Killed a two-headed ogre
 10604 | D:10     | Received a gift from Trog
 11008 | D:10     | Killed an unseen horror
 11008 | D:10     | Reached skill level 16 in Axes
 11065 | D:10     | Identified the +6 long sword "Ywki" {vorpal, *Corrode rF+
                  | rC+ rN++}
 11659 | D:11     | Noticed a cyan ugly thing
 11672 | D:11     | Killed a cyan ugly thing
 11956 | D:11     | Received a gift from Trog
 12070 | D:11     | Noticed an orc knight
 12079 | D:11     | Killed an orc knight
 12091 | D:11     | Reached skill level 17 in Axes
 12091 | D:11     | Reached XP level 12. HP: 81/81 MP: 8/12
 12322 | D:11     | Found a staircase to the Orcish Mines.
 12336 | D:11     | Reached ****** piety under Trog
 13366 | D:12     | Received a gift from Trog
 14316 | D:12     | Noticed a centaur warrior
 14327 | D:12     | Killed a centaur warrior
 14327 | D:12     | Reached skill level 18 in Axes
 14729 | D:13     | Noticed a centaur warrior
 14734 | D:13     | Killed a centaur warrior
 14735 | D:13     | Noticed a centaur warrior
 14740 | D:13     | Killed a centaur warrior
 14840 | D:13     | Noticed Louise
 14844 | D:13     | Noticed Urug
 14850 | D:13     | Noticed a boulder beetle
 14854 | D:13     | Killed Urug
 14856 | D:13     | HP: 5/120 [poisoned by a green ugly thing]
 14858 | D:13     | HP: 1/80 [poisoned by a green ugly thing]
 14859 | D:13     | Succumbed to a green ugly thing's poison

Illustrated notes

Levels and vault maps discovered:
D:1:      dpeg_arrival_rhombi, layout_basic
D:2:      layout_basic, minmay_tetromino_i4
D:3:      layout_basic, overflow_temple_1_default, minmay_statues_item
D:4:      layout_cave_pools, lemuel_blue_sif_altar, minmay_temple_entry_waves,
          gup_ossuary_entry_pyramid, kennysheep_small_square, uniq_robin,
          uniq_natasha, uniq_blork_the_orc
D:5:      layout_loops_ring, lemuel_round_altar, nicolae_ru_path_of_blood
D:6:      layout_loops_ring
D:7:      layout_cave_pools, marbit_many_paths, dk_noncrumbling_3
D:8:      layout_loops_ring, uniq_pikel, uniq_maggie, uniq_harold
D:9:      minmay_the_grid_net [minmay_the_grid_small_cups,
          minmay_the_grid_garden, minmay_the_grid_dragon_b,
          minmay_the_grid_plusring, minmay_the_grid_stretched_grid,
          minmay_the_grid_prize_diamond_cup], layout_rooms, serial_rivers,
          chequers_serial_rivers_micro_d, chequers_serial_rivers_small_b,
          chequers_serial_rivers_micro_e, chequers_serial_rivers_micro_c,
          chequers_serial_rivers_micro_e, chequers_serial_rivers_micro_c,
          serial_shops, shop, shop_fountains, shop, shop, nicolae_shop_crystal,
          uniq_joseph
D:10:     layout_long_grid
D:11:     layout_roguey, kennysheep_orc_monster_closet_entryway
D:12:     layout_stronghold
D:13:     gargoyle_guard, layout_basic, david_vaults_1, sword_in_stone

Skill      XL: |  1  2  3  4  5  6  7  8  9 10 11 12 |
---------------+-------------------------------------+-----
Axes           | 3 4 5 6 7 9 11 13 15 17 18 | 18.6
Fighting       | |  3.0
Armour         | |  1.7
Dodging        | |  1.7

Action                   |  1- 3 |  4- 6 |  7- 9 | 10-12 || total
-------------------------+-------+-------+-------+-------++-------
Melee: Hand axe          |   104 |       |       |       ||   104
       War axe           |       |   101 |   320 |   105 ||   526
       Unarmed           |       |       |       |    16 ||    16
       Battleaxe         |       |       |       |   326 ||   326
Invok: Berserk           |     2 |     4 |     8 |     9 ||    23
  Use: Scroll            |       |       |     9 |    11 ||    20
 Stab: Sleeping          |     1 |     1 |       |       ||     2
       Confused          |       |       |       |     2 ||     2
Armor: Animal skin       |    28 |    21 |       |       ||    49
       Ring mail         |       |    12 |    37 |       ||    49
       Plate armour      |       |       |   125 |   326 ||   451
       Skin              |       |       |       |     2 ||     2
Dodge: Dodged            |    72 |   101 |    27 |   105 ||   305
Block: Tower shield      |       |    16 |   160 |    70 ||   246

Table legend: (Time is in decaauts)
 A = Elapsed time spent in this place.
 B = Non-inter-level travel time spent in this place.
 C = Inter-level travel time spent in this place.
 D = Time resting spent in this place.
 E = Time spent auto-exploring this place.
 F = Levels seen in this place.
 G = Mean time per level.
                   A        B        C        D        E       F      G
               +--------+--------+--------+--------+--------+-----+--------+
         Total |  15098 |  14614 |    484 |   1339 |  11010 |  13 | 1161.4 |
       Dungeon |  15098 |  14614 |    484 |   1339 |  11010 |  13 | 1161.4 |
               +--------+--------+--------+--------+--------+-----+--------+

Top non-repeatable levels by time:
    D:12: 1951 daAuts
     D:4: 1578 daAuts
     D:9: 1513 daAuts
     D:2: 1470 daAuts
    D:11: 1312 daAuts
    D:10: 1221 daAuts
     D:8: 1193 daAuts
     D:1: 1144 daAuts
     D:6: 1078 daAuts
     D:5: 889 daAuts
     D:7: 837 daAuts
     D:3: 701 daAuts
    D:13: 206 daAuts
